 Dungeon Crawl Stone Soup version 0.28-a0-984-g3775c662fe (webtiles) character file.

Game seed: 3627696197061799100

0 meatgazer the Skirmisher (level 1, -2/18 HPs)
             Began as a Demonspawn Abyssal Knight on Dec 3, 2021.
             Was a Follower of Lugonu.
             Slain by a thrashing horror (4 damage)
             ... on level 3 of the Abyss.
             The game lasted 00:00:46 (175 turns).

meatgazer the Skirmisher (Demonspawn Abyssal Knight) Turns: 175, Time: 00:00:47

Health: -2/18      AC:  3    Str: 13    XL:     1   Next: 0%
Magic:  2/2        EV: 11    Int: 11    God:    Lugonu [*.....]
Gold:   8          SH:  0    Dex: 13    Spells: 0/0 levels left

rFire   . . .      SeeInvis .   a - +1 falchion
rCold   . . .      Faith    .   (no shield)
rNeg    . . .      Spirit   .   b - +0 leather armour
rPois   .          Reflect  .   (no helmet)
rElec   .          Harm     .   (no cloak)
rCorr   .          Rampage  .   (no gloves)
Will    .....                   (no boots)
Stlth   +.........              (no amulet)
HPRegen 0.06/turn               (no ring)
MPRegen 0.08/turn               (no ring)

@: no status effects
A: no striking features
a: Renounce Religion, Depart the Abyss


You were on level 3 of the Abyss.
You worshipped Lugonu.
Lugonu was aware of your devotion.
You visited 0 branches of the dungeon, and saw 0 of its levels.
You visited the Abyss 1 time.

You collected 8 gold pieces.

Inventory:

Hand Weapons
 a - a +1 falchion (weapon)
Missiles
 d - 4 silver javelins
Armour
 b - a +0 leather armour (worn)
Jewellery
 e - a ring of poison resistance
Scrolls
 c - a scroll of identify {unknown}


   Skills:
 + Level 3.0 Fighting
 + Level 1.7 Long Blades
 + Level 1.7 Armour
 + Level 0.8 Dodging
 + Level 2.4 Invocations


You couldn't memorise any spells.
You didn't know any spells.
Your spell library was empty.

Dungeon Overview and Level Annotations

Branches:
Dungeon (0/15)

Altars:


Message History

You resist with some effort.
You bump into the crystal wall.
The golden eye blinks at you.
You easily resist.
The golden eye blinks!
You bump into the crystal wall.
You're too confused to move!
A large abomination comes into view.
There is a gateway leading deeper into the Abyss here.
In your confused state, you trip and fall down the stairs.
You plunge deeper into the Abyss.
The abyssal rune of Zot can be found at this depth.
Found 5 silver javelins and 16 stones.
You start resting.
HP restored.
You start waiting.
You feel less confused.
A thrashing horror comes into view.
The thrashing horror roars!
Found 18 arrows.
Found a corrupted altar of Lugonu.
You see here 5 silver javelins.
d - 5 silver javelins The thrashing horror misses you.
The thrashing horror barely misses you.
Throw: 5 javelins (silver)
Press: ? - help, Shift-Dir - straight line, f - thrashing horror
Aim: a thrashing horror (57% to hit)
You throw a silver javelin.
The silver javelin barely misses the thrashing horror.
The thrashing horror tramples you!
Ouch! That really hurt!
* * * LOW HITPOINT WARNING * * *
You hold your ground!
The thrashing horror closely misses you.
The thrashing horror barely misses you. x2
The thrashing horror roars!
The thrashing horror tramples you.
* * * LOW HITPOINT WARNING * * *
You stumble backwards!
Found a thin smoking staff.
You aren't carrying any potions.
Found 6 curare-tipped darts.
The thrashing horror tramples you.
You die...

.# | ..## #. .# #
#.. ###.# ..# #.
#..###.#.##.##.
#.#._..#.........
..#.......#....∩..
#........#........
#......@X....(....
#........#.......(
(.......##.#......
##.....#.#..##...#
..#.... #...# .(.
##.......#.## ##
#........#...
.#...... .......
.....##....#..#


You could see a thrashing horror.

Vanquished Creatures (others)
  3 demonic plants (Abyss:2)
3 creatures vanquished.

Notes
Turn   | Place    | Note
-------+----------+-------------------------------------------
     0 | Abyss:1  | meatgazer the Demonspawn Abyssal Knight began the quest for
                  | the Orb.
     0 | Abyss:1  | Reached XP level 1. HP: 18/18 MP: 2/2
    52 | Abyss:1  | Noticed a ynoxinul
    52 | Abyss:1  | Noticed a glowing orange brain
    61 | Abyss:2  | Noticed a golden eye
    63 | Abyss:2  | Noticed a golden eye
   145 | Abyss:2  | Noticed a large abomination
   170 | Abyss:3  | Noticed a thrashing horror
   171 | Abyss:3  | Found a corrupted altar of Lugonu.
   175 | Abyss:3  | Slain by a thrashing horror

Illustrated notes

Levels and vault maps discovered:
Abyss:3:  base: Temple, nicolae_abyss_rune_star_stuff

Action                   || total
-------------------------++-------
Melee: Falchion          ||    12
Throw: Javelin           ||     1
  Use: Potion            ||     1
Dodge: Dodged            ||     5

Table legend: (Time is in decaauts)
 A = Elapsed time spent in this place.
 B = Non-inter-level travel time spent in this place.
 C = Inter-level travel time spent in this place.
 D = Time resting spent in this place.
 E = Time spent auto-exploring this place.
 F = Levels seen in this place.
 G = Mean time per level.
                   A        B        C        D        E       F      G
               +--------+--------+--------+--------+--------+-----+--------+
         Total |    177 |    177 |      0 |     14 |     47 |   3 |   59.0 |
         Abyss |    177 |    177 |      0 |     14 |     47 |   3 |   59.0 |
               +--------+--------+--------+--------+--------+-----+--------+

Top non-repeatable levels by time:
 Abyss:2: 100 daAuts
 Abyss:1: 55 daAuts
 Abyss:3: 22 daAuts
